 Dungeon Crawl Stone Soup version 0.21.0 (webtiles) character file.

2664 Hekarica the Skirmisher (level 9, 0/78 HPs)
             Began as a Demigod Fighter on May 25, 2018.
             Slain by a quasit (2 damage)
             ... on level 7 of the Dungeon.
             The game lasted 00:29:16 (7134 turns).

Hekarica the Skirmisher (Demigod Fighter)           Turns: 7134, Time: 00:29:17

Health: 0/78       AC: 10    Str: 25    XL:     9   Next: 14%
Magic:  11/11      EV:  6    Int: 12    God:
Gold:   275        SH: 11    Dex: 15    Spells: 8/8 levels left

rFire    . . .     SeeInvis +   v - +2 war axe (freeze)
rCold    . . .     Gourm    .   c - +0 shield
rNeg     . . .     Faith    .   e - +0 chain mail
rPois    .         Spirit   .   (no helmet)
rElec    .         Reflect  .   (no cloak)
rCorr    .         Harm     .   (no gloves)
MR       +....                  (no boots)
Stlth    ..........             (no amulet)
HPRegen  0.23/turn              b - ring of see invisible
MPRegen  0.12/turn              o - ring of protection from magic

@: lethally poisoned (0 -> -1)
A: high mp 1
a: no special abilities


You were on level 7 of the Dungeon.
You were not hungry.

You visited 2 branches of the dungeon, and saw 8 of its levels.
You also visited: Ossuary.

You collected 275 gold pieces.

Inventory:

Hand Weapons
 l - a +2 whip of electrocution
 v - a +2 war axe of freezing (weapon)
Armour
 c - a +0 shield (worn)
 e - a +0 chain mail (worn)
Jewellery
 b - a ring of see invisible (left hand)
 o - a ring of protection from magic (right hand)
 D - an uncursed ring of fire
Scrolls
 a - a scroll of immolation {unknown}
 i - 3 scrolls of magic mapping
 r - 3 scrolls of remove curse
 u - a scroll of amnesia
 C - 2 scrolls of teleportation
Potions
 d - 5 potions of might
 g - 2 potions of haste
 h - 3 potions of mutation
 m - 3 potions of heal wounds
 n - 2 potions of invisibility
 q - 3 potions of magic
 s - 4 potions of curing
 t - 3 potions of lignification
 x - 3 potions of berserk rage
 A - a potion of agility
 E - 2 potions of flight
 F - a potion of brilliance
Books
 k - a book of Maledictions

   Spells                             Type                      Level
   a - Corona                         Hexes                        1
   b - Ensorcelled Hibernation        Hexes/Ice                    2
   c - Confuse                        Hexes                        3
   d - Tukima's Dance                 Hexes                        3
   e - Dazzling Spray                 Conjuration/Hexes            3
Comestibles
 f - 12 rations


   Skills:
 + Level 6.5 Fighting
 + Level 5.1(5.5) Axes
 - Level 3.0(4.5) Maces & Flails
 + Level 6.4 Armour
 + Level 6.4 Shields


You had 8 spell levels left.
You didn't know any spells.

Dungeon Overview and Level Annotations

Branches:
Dungeon (7/15)             Temple (1/1) D:5

Shops:
D:4 =


Innate Abilities, Weirdness & Mutations

You have an increased reservoir of magic. (+10% MP)


Message History

* * * LOW HITPOINT WARNING * * *
An orc comes into view. It is wielding a falchion.
The orc shouts!
The orc priest moves out of view.
You block the quasit's attack.
The quasit claws you but does no damage.
You block the quasit's attack.
You feel sick.
The quasit bites you but does no damage.
The quasit claws you but does no damage. x2
The orc wizard gestures wildly while chanting.
The orc wizard flickers and vanishes for a moment.
You feel sick. You block the quasit's attack. The quasit claws you.
* * * LOW HITPOINT WARNING * * *
The quasit barely misses you.
You feel sick.
You see here a dagger.
The quasit bites you but does no damage.
The quasit barely misses you. The quasit claws you.
You die...

##...#####.##......##
##### #.###=.)...#
#....##).)######.
##........).......
#######.................
#.......................
##......(................
#............####..######
#.....).@##### ......
#.....)5## #......##
#.......# #......##
#......## ......##
#.....o# .....# ##....##
#...#.# #####.# #.##


You could see a quasit and an orc.

Vanquished Creatures
  The ghost of Hekarica the Skirmisher, an amateur VSFi of Gozag (D:3)
  2 sky beasts (D:6)
  An ice beast (D:5)
  2 phantoms
  2 ogres
  A necrophage (D:5)
  A bullfrog (D:6)
  2 scorpions
  A howler monkey (D:5)
  2 bullfrog zombies (Ossuary)
  A centaur zombie (Ossuary)
  4 hounds
  4 orc priests
  2 bullfrog skeletons
  3 jellies
  13 orc wizards
  3 iguanas
  A worker ant (D:4)
  2 killer bee zombies (Ossuary)
  A hound zombie (Ossuary)
  17 mummies (Ossuary)
  6 worker ant zombies
  A howler monkey skeleton (D:5)
  5 adders
  A shadow imp (D:5)
  An ooze (D:6)
  An adder skeleton (D:4)
  2 adder zombies (Ossuary)
  3 worms
  4 dart slugs
  A leopard gecko (D:1)
  40 orcs
  18 bats
  A giant cockroach (D:1)
  7 goblins
  8 hobgoblins
  3 jackals (D:3)
  10 kobolds
  2 quokkas (D:2)
  11 frilled lizards
  A jackal skeleton (D:4)
  3 leopard gecko zombies (Ossuary)
  9 rats
  A withered plant (Ossuary)
205 creatures vanquished.

Notes
Turn   | Place    | Note
-------+----------+-------------------------------------------
     0 | D:1      | Hekarica the Demigod Fighter began the quest for the Orb.
     0 | D:1      | Reached XP level 1. HP: 18/18 MP: 3/3
   346 | D:1      | Reached XP level 2. HP: 23/25 MP: 4/4
   953 | D:1      | Reached XP level 3. HP: 31/31 MP: 5/5
  1427 | D:2      | Reached skill level 1 in Maces & Flails
  1427 | D:2      | Reached XP level 4. HP: 38/38 MP: 6/6
  1730 | D:3      | Found a faded altar of an unknown god.
  1769 | D:3      | Noticed Hekarica's ghost (amateur VSFi)
  1777 | D:3      | Killed Hekarica's ghost
  1777 | D:3      | Reached XP level 5. HP: 40/46 MP: 7/7
  1996 | D:3      | Found a shadowy altar of Dithmenos.
  2101 | D:3      | Reached XP level 6. HP: 34/52 MP: 8/8
  2919 | D:4      | Found Ovvacesy's Jewellery Shop.
  3086 | D:4      | Reached XP level 7. HP: 52/60 MP: 9/9
  3423 | D:5      | Entered Level 5 of the Dungeon
  3423 | D:5      | Noticed a moth of wrath
  3426 | D:5      | Found a bloodstained altar of Trog.
  3692 | D:5      | Found a glowing golden altar of the Shining One.
  3936 | D:5      | Found an iron altar of Okawaru.
  3969 | D:5      | Reached skill level 5 in Fighting
  3969 | D:5      | Reached skill level 5 in Armour
  3969 | D:5      | Reached skill level 5 in Shields
  4180 | D:5      | Found a staircase to the Ecumenical Temple.
  4290 | Temple   | Entered the Ecumenical Temple
  4717 | D:6      | Found a sand-covered staircase.
  4719 | D:6      | Reached XP level 8. HP: 68/68 MP: 10/10
  4726 | Ossuary  | Entered an ossuary
  6055 | D:6      | Found a basalt altar of Yredelemnul.
  6442 | D:6      | Reached XP level 9. HP: 59/75 MP: 11/11
  7017 | D:7      | Reached skill level 5 in Axes
  7131 | D:7      | HP: 2/78 [quasit (2)]
  7134 | D:7      | Slain by a quasit

Skill      XL: |  1  2  3  4  5  6  7  8  9 |
---------------+----------------------------+-----
Axes           | 2 3 4 5 |  5.1
Fighting       | 3 4 5 6 |  6.5
Armour         | 3 4 5 6 |  6.4
Shields        | 3 4 5 6 |  6.4
Maces & Flails | 1 2 3 |  3.0

Action                   |  1- 3 |  4- 6 |  7- 9 || total
-------------------------+-------+-------+-------++-------
Melee: War axe           |    78 |       |   411 ||   489
       Whip              |    79 |   195 |       ||   274
  Use: Scroll            |       |    10 |    18 ||    28
       Potion            |       |       |     2 ||     2
  Eat: Ration            |     1 |     1 |     4 ||     6
       Chunk             |       |     2 |       ||     2
Armor: Chain mail        |   144 |    79 |   136 ||   359
Dodge: Dodged            |    52 |    37 |    61 ||   150
Block: Shield            |   110 |    78 |   186 ||   374
